AoeStats
← marc.deliedekerke.lfgeb

Migration

509120551Analyzed
1v1 RM · 5d ago on Sep 25, 2026· 37m 43s· 2 players
Game mode
Random Map
Map size
132×132
Population
200
Speed
Normal
Resources
Standard
Victory
Conquest
Starting age
Dark Age
Ending age
Imperial Age
RankedLock teamsTeams togetherTeam positionsShared explorationLock speedFull tech treeHidden civsTurbo modeCheats
Victory
Defeat
🇸🇰 Vikings · Slovakia
984
+15
🇳🇱 Armenians · Netherlands
955
-15
marc.deliedekerke.lfgeb
11:10 Feudal Age
12:49 Double-Bit Axe
13:39 Horse Collar
14:59 Fletching
15:50 Gold Mining
17:02 Wheelbarrow
21:15 Castle Age
21:12 Forging
21:42 Pikeman
24:21 Gold Shaft Mining
24:54 Medium Warships
25:13 Bow Saw
25:08 Stone Mining
25:24 Scale Mail Armor
26:24 Bodkin Arrow
28:26 Iron Casting
29:58 Heavy Plow
30:46 Padded Archer Armor
32:43 Hand Cart
36:08 Imperial Age
37:28 Heavy Warships
ddk
8:51 Loom
11:00 Feudal Age
11:26 Fishing Lines
11:38 Double-Bit Axe
16:06 Castle Age
16:27 Town Watch
17:14 Bow Saw
20:47 Horse Collar
24:19 Fletching
25:40 Bodkin Arrow
27:47 Heavy Plow
27:40 Gold Mining
28:34 Ballistics
29:14 Careening
29:17 Clinker Construction
34:49 Imperial Age
33:14 Masonry
34:57 Elite Longship
35:41 Bracer
37:05 Chemistry
37:17 Conscription
Connection lost

Rejoining the realm…

Still unreachable

The connection could not be restored.

Session expired

The server has moved on; the page needs a fresh start.